3A
LOUISIANA DRAGOONS @ CONNETQUOT CHIEFS
05/09/2027
 
TOP OF THE 1ST
Louisiana Dragoons batting - Pitching for Connetquot Chiefs : RHP Christian Irgoyen
Pitching: RHP Christian Irgoyen
Batting: SHB Ángel Costa 0-0: Ground out 4-3 (Groundball, 4)
Batting: RHB José Luque 0-0: SINGLE (Groundball, 4MD)
Batting: LHB Dan Webb 0-0: Foul Ball, location: 2F
0-1: Fielders Choice at 2nd, 1-6 (Groundball, 13S)
Batting: RHB Holden Markoff 0-0: Ball
1-0: SINGLE (Line Drive, 89M)
Dan Webb to second
Runner from 2nd tries for 3rd, OUT!
Top of the 1st over - 0 run(s), 2 hit(s), 0 error(s), 1 left on base; Louisiana 0 - Connetquot 0
BOTTOM OF THE 1ST
Connetquot Chiefs batting - Pitching for Louisiana Dragoons : RHP Jason Pearson
Pitching: RHP Jason Pearson
Batting: RHB Creed Bratton 0-0: Ball
1-0: Ball
2-0: Bunt missed!
2-1: Called Strike
2-2: Foul Ball, location: 2F
2-2: Foul Ball, location: 2F
2-2: Strikes out swinging
Batting: RHB Alfredo Escalante 0-0: Foul Ball, location: 2F
0-1: Ball
1-1: Ball
2-1: Called Strike
2-2: Ball
3-2: Base on Balls
Batting: RHB Sheldon Deshotels 0-0: Ball
1-0: Ball
2-0: SINGLE (Groundball, 4) (infield hit)
Alfredo Escalante to second
Batting: SHB Carlos González 0-0: Called Strike
0-1: Called Strike
0-2: Strikes out swinging
Batting: RHB Rob McGinnity 0-0: Ground out 4-3 (Groundball, 4)
Bottom of the 1st over - 0 run(s), 1 hit(s), 0 error(s), 2 left on base; Louisiana 0 - Connetquot 0
TOP OF THE 2ND
Louisiana Dragoons batting - Pitching for Connetquot Chiefs : RHP Christian Irgoyen
Batting: RHB Felipe Palazzola 0-0: Foul Ball, location: 2F
0-1: Swinging Strike
0-2: Ball
1-2: Ball
2-2: Ball
3-2: Base on Balls
Batting: SHB Ed Blackett 0-0: Swinging Strike
0-1: Ball
1-1: Ball
2-1: Swinging Strike
2-2: Strikes out looking
Batting: LHB Everett Wichmann 0-0: Ball
1-0: Ball
2-0: Called Strike
2-1: Swinging Strike
2-2: Ball
3-2: Foul Ball, location: 2F
3-2: Foul Ball, location: 2F
3-2: Foul Ball, location: 2F
3-2: Foul Ball, location: 2F
3-2: Strikes out swinging
Felipe Palazzola steals 2nd base
Batter strikes out.
Batting: RHB Nelson Muntz 0-0: Called Strike
0-1: Foul Ball, location: 2F
0-2: Strikes out swinging
Top of the 2nd over - 0 run(s), 0 hit(s), 0 error(s), 1 left on base; Louisiana 0 - Connetquot 0
BOTTOM OF THE 2ND
Connetquot Chiefs batting - Pitching for Louisiana Dragoons : RHP Jason Pearson
Batting: LHB Steve Sconiers 0-0: Ball
1-0: Called Strike
1-1: Fly out, F7 (Flyball, 78S)
Batting: RHB José Orihvela 0-0: Called Strike
0-1: Ball
1-1: Ground out 4-3 (Groundball, 4)
Batting: RHB DeAndre Thomas 0-0: Foul Ball, location: 2F
0-1: Called Strike
0-2: Strikes out looking
Bottom of the 2nd over - 0 run(s), 0 hit(s), 0 error(s), 0 left on base; Louisiana 0 - Connetquot 0
TOP OF THE 3RD
Louisiana Dragoons batting - Pitching for Connetquot Chiefs : RHP Christian Irgoyen
Batting: RHB Giuseppe Provolone 0-0: Foul Ball, location: 2F
0-1: Ball
1-1: Ball
2-1: Ball
3-1: Foul Ball, location: 2F
3-2: Base on Balls
Batting: SHB Ángel Costa 0-0: Ball
1-0: Ball
2-0: Ball
3-0: Called Strike
3-1: SINGLE (Groundball, 4) (infield hit)
Giuseppe Provolone to second
Batting: RHB José Luque 0-0: Ball
1-0: Foul Ball, location: 2F
1-1: Fielders Choice at 2nd, 6-4 (Groundball, 6D)
Giuseppe Provolone to third
Batting: LHB Dan Webb 0-0: SINGLE (Groundball, 34D)
Giuseppe Provolone scores
José Luque to second
Runner from 2nd tries for 3rd, SAFE, throw made to third
Dan Webb to second
Batting: RHB Holden Markoff 0-0: Swinging Strike
0-1: Ball
1-1: Called Strike
1-2: Strikes out looking
Batting: RHB Felipe Palazzola 0-0: Called Strike
0-1: Ball
1-1: Swinging Strike
1-2: Ball
2-2: Foul Ball, location: 2F
2-2: Ball
3-2: Foul Ball, location: 2F
3-2: Foul Ball, location: 2F
3-2: DOUBLE (Groundball, 5L)
José Luque scores
Dan Webb scores
Batting: SHB Ed Blackett 0-0: Called Strike
0-1: Called Strike
0-2: Ball
1-2: Ball
2-2: Ground out 4-3 (Groundball, 4)
Top of the 3rd over - 3 run(s), 3 hit(s), 0 error(s), 1 left on base; Louisiana 3 - Connetquot 0
BOTTOM OF THE 3RD
Connetquot Chiefs batting - Pitching for Louisiana Dragoons : RHP Jason Pearson
Batting: RHB Júlio Flores 0-0: Called Strike
0-1: Fly out, F8 (Line Drive, 8LM)
Batting: RHB Creed Bratton 0-0: Foul Ball, location: 2F
0-1: Fly out, F9 (Flyball, 9LS)
Batting: RHB Alfredo Escalante 0-0: Ball
1-0: Called Strike
1-1: Swinging Strike
1-2: SINGLE (Flyball, 7LS)
Batting: RHB Sheldon Deshotels 0-0: Ball
1-0: Called Strike
1-1: Foul Ball, location: 2F
1-2: Ball
2-2: Ground out 1-3 (Groundball, P)
Bottom of the 3rd over - 0 run(s), 1 hit(s), 0 error(s), 1 left on base; Louisiana 3 - Connetquot 0
TOP OF THE 4TH
Louisiana Dragoons batting - Pitching for Connetquot Chiefs : RHP Christian Irgoyen
Batting: LHB Everett Wichmann 0-0: Called Strike
0-1: Ball
1-1: Swinging Strike
1-2: Ball
2-2: Ball
3-2: Strikes out swinging
Batting: RHB Nelson Muntz 0-0: Swinging Strike
0-1: Called Strike
0-2: Ball
1-2: Strikes out swinging
Batting: RHB Giuseppe Provolone 0-0: Called Strike
0-1: Fly out, F7 (Flyball, 7LM)
Top of the 4th over - 0 run(s), 0 hit(s), 0 error(s), 0 left on base; Louisiana 3 - Connetquot 0
BOTTOM OF THE 4TH
Connetquot Chiefs batting - Pitching for Louisiana Dragoons : RHP Jason Pearson
Batting: SHB Carlos González 0-0: Called Strike
0-1: Foul Ball, location: 2F
0-2: Foul Ball, location: 2F
0-2: Ball
1-2: Ball
2-2: Ground out U3 (Groundball, 34)
Batting: RHB Rob McGinnity 0-0: Called Strike
0-1: Called Strike
0-2: Strikes out swinging
Batting: LHB Steve Sconiers 0-0: Swinging Strike
0-1: Called Strike
0-2: Foul Ball, location: 2F
0-2: Ground out 4-3 (Groundball, 4)
Bottom of the 4th over - 0 run(s), 0 hit(s), 0 error(s), 0 left on base; Louisiana 3 - Connetquot 0
TOP OF THE 5TH
Louisiana Dragoons batting - Pitching for Connetquot Chiefs : RHP Christian Irgoyen
Batting: SHB Ángel Costa 0-0: Called Strike
0-1: Called Strike
0-2: Ball
1-2: Ground out U3 (Groundball, 34)
Batting: RHB José Luque 0-0: Foul Ball, location: 2F
0-1: Ball
1-1: Called Strike
1-2: Strikes out swinging
Batting: LHB Dan Webb 0-0: Foul Ball, location: 2F
0-1: Ball
1-1: Foul Ball, location: 2F
1-2: Ball
2-2: Ground out 6-3 (Groundball, 6)
Top of the 5th over - 0 run(s), 0 hit(s), 0 error(s), 0 left on base; Louisiana 3 - Connetquot 0
BOTTOM OF THE 5TH
Connetquot Chiefs batting - Pitching for Louisiana Dragoons : RHP Jason Pearson
Batting: RHB José Orihvela 0-0: SINGLE (Groundball, 56) (infield hit)
Batting: RHB DeAndre Thomas 0-0: Ball
Wild Pitch!
José Orihvela to second
1-0: DOUBLE (Line Drive, 78S)
José Orihvela scores
Batting: RHB Júlio Flores 0-0: Foul Ball, location: 2F
0-1: Sac Bunt - play at first, batter OUT! 5-3
DeAndre Thomas to third
Batting: RHB Creed Bratton 0-0: Called Strike
0-1: Foul Ball, location: 2F
0-2: Ball
1-2: Ball
2-2: Ball
3-2: Foul Ball, location: 2F
3-2: Ground out 6-3 (Groundball, 6)
Batting: RHB Alfredo Escalante 0-0: Ball
1-0: Ball
Wild Pitch!
DeAndre Thomas scores
2-0: Called Strike
2-1: Ball
3-1: Base on Balls
Batting: RHB Sheldon Deshotels 0-0: Swinging Strike
0-1: Fielders Choice at 2nd, 6-4 (Groundball, 6)
Bottom of the 5th over - 2 run(s), 2 hit(s), 0 error(s), 0 left on base; Louisiana 3 - Connetquot 2
TOP OF THE 6TH
Louisiana Dragoons batting - Pitching for Connetquot Chiefs : RHP Christian Irgoyen
Pitching: RHP Min-gook Chong
Batting: RHB Holden Markoff 0-0: Called Strike
0-1: Ball
1-1: Ball
2-1: Swinging Strike
2-2: Strikes out swinging
Batting: RHB Felipe Palazzola 0-0: Reached on error, E5 (Groundball, 56)
Batting: SHB Ed Blackett 0-0: Ball
1-0: SINGLE (Groundball, 34) (infield hit)
Felipe Palazzola to second
Batting: LHB Everett Wichmann 0-0: Called Strike
0-1: Called Strike
0-2: Ball
1-2: Ball
2-2: Ball
3-2: Base on Balls
Felipe Palazzola to third
Ed Blackett to second
Batting: RHB Nelson Muntz 0-0: Foul Ball, location: 2F
0-1: Foul Ball, location: 2F
0-2: Foul Ball, location: 2F
0-2: Strikes out looking
Batting: RHB Giuseppe Provolone 0-0: Fly out, F6 (Popup, 6)
Top of the 6th over - 0 run(s), 1 hit(s), 1 error(s), 3 left on base; Louisiana 3 - Connetquot 2
BOTTOM OF THE 6TH
Connetquot Chiefs batting - Pitching for Louisiana Dragoons : RHP Jason Pearson
Batting: SHB Carlos González 0-0: Called Strike
0-1: Ball
1-1: Called Strike
1-2: Ground out 4-3 (Groundball, 4)
Batting: RHB Rob McGinnity 0-0: Ball
1-0: Called Strike
1-1: Foul Ball, location: 2F
1-2: Ball
2-2: Strikes out swinging
Batting: LHB Steve Sconiers 0-0: Ball
1-0: Ball
2-0: Called Strike
2-1: Ground out 5-3 (Groundball, 56)
Bottom of the 6th over - 0 run(s), 0 hit(s), 0 error(s), 0 left on base; Louisiana 3 - Connetquot 2
TOP OF THE 7TH
Louisiana Dragoons batting - Pitching for Connetquot Chiefs : RHP Min-gook Chong
Batting: SHB Ángel Costa 0-0: Called Strike
0-1: Ball
1-1: Swinging Strike
1-2: Ground out 4-3 (Groundball, 4S)
Batting: RHB José Luque 0-0: Called Strike
0-1: Called Strike
0-2: Ball
1-2: Foul Ball, location: 2F
1-2: DOUBLE (Line Drive, 89M)
Batting: LHB Dan Webb 0-0: Called Strike
0-1: Foul Ball, location: 2F
0-2: Strikes out swinging
Batting: RHB Holden Markoff 0-0: Ball
Wild Pitch!
José Luque to third
1-0: Called Strike
1-1: Foul Ball, location: 2F
1-2: Strikes out swinging
Top of the 7th over - 0 run(s), 1 hit(s), 0 error(s), 1 left on base; Louisiana 3 - Connetquot 2
BOTTOM OF THE 7TH
Connetquot Chiefs batting - Pitching for Louisiana Dragoons : RHP Jason Pearson
Now at 2B: José Mendoza
Batting: RHB José Orihvela 0-0: Foul Ball, location: 2F
0-1: Swinging Strike
0-2: Ball
1-2: Ball
2-2: Foul Ball, location: 2F
2-2: Ball
3-2: Ground out 6-3 (Groundball, 6)
Pitching: RHP Cornelius Bigelow
Batting: RHB DeAndre Thomas 0-0: Ball
1-0: Ball
2-0: Called Strike
2-1: Foul Ball, location: 2F
2-2: Foul Ball, location: 2F
2-2: Foul Ball, location: 2F
2-2: Strikes out swinging
Batting: RHB Júlio Flores 0-0: Ball
1-0: Ball
2-0: Ball
3-0: Base on Balls
Pinch Hitting: SHB Josh Sanders 0-0: Called Strike
0-1: Ball
1-1: Ball
Júlio Flores is caught stealing 2nd base
Bottom of the 7th over - 0 run(s), 0 hit(s), 0 error(s), 0 left on base; Louisiana 3 - Connetquot 2
TOP OF THE 8TH
Louisiana Dragoons batting - Pitching for Connetquot Chiefs : RHP Min-gook Chong
Now in RF: Josh Sanders
Batting: RHB Felipe Palazzola 0-0: Ball
1-0: Called Strike
1-1: Ground out 1-3 (Groundball, 15S)
Batting: SHB Ed Blackett 0-0: TRIPLE (Line Drive, 9LM)
Pinch Hitting: RHB Jody Bennett 0-0: Intentional Walk
Batting: RHB Nelson Muntz 0-0: Ball
1-0: Ball
2-0: Foul Ball, location: 2F
2-1: Ball
3-1: Grounds into double play, 4-6-3 (Groundball, 4M)
Top of the 8th over - 0 run(s), 1 hit(s), 0 error(s), 1 left on base; Louisiana 3 - Connetquot 2
BOTTOM OF THE 8TH
Connetquot Chiefs batting - Pitching for Louisiana Dragoons : RHP Cornelius Bigelow
Pitching: LHP Javier Browne
Now at SS: Jody Bennett
Batting: SHB Josh Sanders 0-0: Ball
1-0: Ground out 5-3 (Groundball, 56)
Pitching: RHP Brian Krick
Batting: RHB Alfredo Escalante 0-0: Ball
1-0: SINGLE (Line Drive, 89S)
Pinch Hitting: LHB Denis Jerningham 0-0: Ball
1-0: Ball
2-0: Foul Ball, location: 2F
2-1: Ball
3-1: Base on Balls
Alfredo Escalante to second
Batting: SHB Carlos González 0-0: Ball
1-0: Called Strike
1-1: Ball
2-1: Foul Ball, location: 2F
2-2: Foul Ball, location: 2F
2-2: Ball
3-2: Foul Ball, location: 2F
3-2: Fly out, F7 (Flyball, 7)
Batting: RHB Rob McGinnity 0-0: Ball
1-0: Ball
2-0: Foul Ball, location: 2F
2-1: SINGLE (Line Drive, 6MD)
Alfredo Escalante to third
Denis Jerningham to second
Runner from 3rd tries for Home, SAFE, no throw
Batting: LHB Steve Sconiers 0-0: Ball
1-0: DOUBLE (Groundball, 3L)
Denis Jerningham scores
Rob McGinnity to third
Pitching: RHP Alfredo Velásquez
Pinch Hitting: LHB Jim Unknown 0-0: Intentional Walk
Batting: RHB DeAndre Thomas 0-0: Foul Ball, location: 2F
0-1: GRAND SLAM HOME RUN (Line Drive, 7D), Distance : 420 ft
Batting: RHB Júlio Flores 0-0: Ball
1-0: Called Strike
1-1: Ball
2-1: Foul Ball, location: 2F
2-2: Ground out 6-3 (Groundball, 6S)
Bottom of the 8th over - 6 run(s), 4 hit(s), 0 error(s), 0 left on base; Louisiana 3 - Connetquot 8
TOP OF THE 9TH
Louisiana Dragoons batting - Pitching for Connetquot Chiefs : RHP Min-gook Chong
Now at 1B: Jim Unknown
Now at 2B: Denis Jerningham
Batting: RHB Giuseppe Provolone 0-0: Called Strike
0-1: Ball
1-1: Ball
2-1: Ground out 6-3 (Groundball, 6)
Pitching: LHP Powell Beauregard
Batting: SHB Ángel Costa 0-0: Foul Ball, location: 2F
0-1: SINGLE (Groundball, 6D)
Batting: RHB José Mendoza 0-0: Ball
1-0: Ball
2-0: Ball
3-0: Base on Balls
Ángel Costa to second
Batting: LHB Dan Webb 0-0: Foul Ball, location: 2F
0-1: Swinging Strike
0-2: Ball
1-2: Foul Ball, location: 2F
1-2: Strikes out looking
Batting: RHB Holden Markoff 0-0: Ball
1-0: Swinging Strike
1-1: Swinging Strike
1-2: Strikes out swinging
Top of the 9th over - 0 run(s), 1 hit(s), 0 error(s), 2 left on base; Louisiana 3 - Connetquot 8
Saturday, May 26th, 2018 - OOTP Baseball 17.12 Build 75